Workbook

Sheet Use Of fund
A2: PropSpace
A3: Use of Fund Y-1
A4: Itemes | B4: Amount (SAR) | C4: Proportion | D4: Amount (USD) | E4: Proportion
A5: Team Development | B5: =SUM('FM-Monthly '!E95:P95)+SUM('FM-Monthly '!E122:P122)+SUM('FM-Monthly '!E148:P148)+SUM('FM-Monthly '!E176:P176) -> 1353500 | C5: =B5/$B$10 -> 0.51561315 | D5: =B5/3.75 -> 360933.33 | E5: =D5/$D$10 -> 0.51561315
A6: Platform Development | B6: =SUM('FM-Monthly '!E227:P227)+SUM('FM-Monthly '!E72:P72) -> 540000 | C6: =B6/$B$10 -> 0.20571193 | D6: =B6/3.75 -> 144000 | E6: =D6/$D$10 -> 0.20571193
A7: Others Ex | B7: =SUM('FM-Monthly '!E195:P195)+SUM('FM-Monthly '!E127:P127)+SUM('FM-Monthly '!E151:P151)+SUM('FM-Monthly '!E179:P179) -> 266530 | C7: =B7/$B$10 -> 0.10153408 | D7: =B7/3.75 -> 71074.667 | E7: =D7/$D$10 -> 0.10153408
A8: Capital Expenditure | B8: =SUM('FM-Monthly '!E212:P212)+SUM('FM-Monthly '!E242:P242) -> 126000 | C8: =B8/$B$10 -> 0.047999451 | D8: =B8/3.75 -> 33600 | E8: =D8/$D$10 -> 0.047999451
A9: Marketing | B9: =SUM('FM-Monthly '!E100:P100) -> 339000 | C9: =B9/$B$10 -> 0.12914138 | D9: =B9/3.75 -> 90400 | E9: =D9/$D$10 -> 0.12914138
A10: Total Funding | B10: =SUM(B5:B9) -> 2625030 | C10: =SUM(C5:C9) -> 1 | D10: =B10/3.75 -> 700008 | E10: =SUM(E5:E9) -> 1

Sheet FM-Summry
A2: PropSpace
A6: ='FM-QOQ'!A5 -> P&L
C7: ='FM-QOQ'!C6 -> Itemes | D7: ='FM-QOQ'!H6 -> Y-1 | E7: % | F7: ='FM-QOQ'!M6 -> Y-2 | G7: %
C9: ='FM-QOQ'!C8 -> Real Estat Developers | D9: ='FM-QOQ'!H8 -> 1593000 | F9: ='FM-QOQ'!M8 -> 3766350
C10: ='FM-QOQ'!C9 -> Tenants | D10: ='FM-QOQ'!H9 -> 172500 | F10: ='FM-QOQ'!M9 -> 728062.5
C11: ='FM-QOQ'!C10 -> Commercial | D11: ='FM-QOQ'!H10 -> 435000 | F11: ='FM-QOQ'!M10 -> 1051125
C13: ='FM-QOQ'!C12 -> Total Revenue | D13: ='FM-QOQ'!H12 -> 2200500 | E13: =D13/D13 -> 1 | F13: ='FM-QOQ'!M12 -> 5545537.5 | G13: =F13/F13 -> 1
C15: ='FM-QOQ'!C14 -> Cost Of Revenue | D15: ='FM-QOQ'!H14 -> 420000 | E15: =D15/$D$13 -> 0.19086571 | F15: ='FM-QOQ'!M14 -> 516000 | G15: =F15/$F$13 -> 0.093047788
C17: ='FM-QOQ'!C16 -> Gross Profit | D17: ='FM-QOQ'!H16 -> 1780500 | F17: ='FM-QOQ'!M16 -> 5029537.5
C18: ='FM-QOQ'!C17 -> GM | D18: ='FM-QOQ'!H17 -> 0.80913429 | F18: ='FM-QOQ'!M17 -> 0.90695221
C20: ='FM-QOQ'!C20 -> Marketing Dep | D20: ='FM-QOQ'!H20 -> 520500 | E20: =D20/$D$13 -> 0.23653715 | F20: ='FM-QOQ'!M20 -> 920000 | G20: =F20/$F$13 -> 0.16589916
C21: ='FM-QOQ'!C21 -> Sales Dep | D21: ='FM-QOQ'!H21 -> 546005 | E21: =D21/$D$13 -> 0.2481277 | F21: ='FM-QOQ'!M21 -> 1183455.4 | G21: =F21/$F$13 -> 0.21340679
C22: ='FM-QOQ'!C22 -> Dev-Operation Dep | D22: ='FM-QOQ'!H22 -> 426000 | E22: =D22/$D$13 -> 0.19359237 | F22: ='FM-QOQ'!M22 -> 621000 | G22: =F22/$F$13 -> 0.11198193
C23: ='FM-QOQ'!C23 -> Finance Dep | D23: ='FM-QOQ'!H23 -> 243600 | E23: =D23/$D$13 -> 0.11070211 | F23: ='FM-QOQ'!M23 -> 294000 | G23: =F23/$F$13 -> 0.0530156
C24: ='FM-QOQ'!C24 -> G&A | D24: ='FM-QOQ'!H24 -> 222925 | E24: =D24/$D$13 -> 0.10130652 | F24: ='FM-QOQ'!M24 -> 342716.67 | G24: =F24/$F$13 -> 0.061800442
C26: ='FM-QOQ'!C26 -> Total EX | D26: ='FM-QOQ'!H26 -> 1959030 | E26: =D26/$D$13 -> 0.89026585 | F26: ='FM-QOQ'!M26 -> 3361172 | G26: =F26/$F$13 -> 0.60610392
C28: ='FM-QOQ'!C28 -> Net Income (loss) | D28: ='FM-QOQ'!H28 -> -178530 | E28: =D28/$D$13 -> -0.081131561 | F28: ='FM-QOQ'!M28 -> 1668365.5 | G28: =F28/$F$13 -> 0.30084829
D29: =D28/D13 -> -0.081131561 | F29: =F28/F13 -> 0.30084829
A31: ='FM-QOQ'!A31 -> Financial Postion
C32: ='FM-QOQ'!C32 -> Itemes | D32: ='FM-QOQ'!H32 -> Y-1 | F32: ='FM-QOQ'!M32 -> Y-2
C33: ='FM-QOQ'!C33 -> Fixed Assets | D33: ='FM-QOQ'!H33 -> 99700 | F33: ='FM-QOQ'!M33 -> 107733.33
C34: ='FM-QOQ'!C34 -> Intaingble Assets | D34: ='FM-QOQ'!H34 -> 259375 | F34: ='FM-QOQ'!M34 -> 495625
C35: ='FM-QOQ'!C35 -> Non-Current Assets | D35: ='FM-QOQ'!H35 -> 359075 | F35: ='FM-QOQ'!M35 -> 603358.33
C37: ='FM-QOQ'!C37 -> Cash | D37: ='FM-QOQ'!H37 -> 2828520 | F37: ='FM-QOQ'!M37 -> 4739180.3
C38: ='FM-QOQ'!C38 -> Petty Cash | D38: ='FM-QOQ'!H38 -> 10000 | F38: ='FM-QOQ'!M38 -> 15000
C39: ='FM-QOQ'!C39 -> Current Assets | D39: ='FM-QOQ'!H39 -> 2838520 | F39: ='FM-QOQ'!M39 -> 4754180.3
C41: ='FM-QOQ'!C41 -> Total Assets | D41: ='FM-QOQ'!H41 -> 3197595 | F41: ='FM-QOQ'!M41 -> 5357538.6
C43: ='FM-QOQ'!C43 -> Un-earned Revenue | D43: ='FM-QOQ'!H43 -> 551125 | F43: ='FM-QOQ'!M43 -> 1042703.1
C45: ='FM-QOQ'!C45 -> Current Liability | D45: ='FM-QOQ'!H45 -> 551125 | F45: ='FM-QOQ'!M45 -> 1042703.1
C49: ='FM-QOQ'!C49 -> Fund Raising | D49: ='FM-QOQ'!H49 -> 2625000 | F49: ='FM-QOQ'!M49 -> 2625000
C50: ='FM-QOQ'!C50 -> Capital | D50: ='FM-QOQ'!H50 -> 200000 | F50: ='FM-QOQ'!M50 -> 200000
... C55: ='FM-QOQ'!C55 -> Total Liability & Equity | D55: ='FM-QOQ'!H55 -> 3197595 | F55: ='FM-QOQ'!M55 -> 5357538.6
A58: ='FM-QOQ'!A58 -> Cash Flow Statement
C59: ='FM-QOQ'!C59 -> Itemes | D59: ='FM-QOQ'!H59 -> Y-1 | F59: ='FM-QOQ'!M59 -> Y-2
C60: ='FM-QOQ'!C60 -> Net Profit/(Loss) | D60: ='FM-QOQ'!H60 -> -178530 | F60: ='FM-QOQ'!M60 -> 1668365.5
C61: ='FM-QOQ'!C61 -> Add: D&A | D61: ='FM-QOQ'!H61 -> 295144.69 | F61: ='FM-QOQ'!M61 -> 942503.04
C62: ='FM-QOQ'!C62 -> Change in Prepayments | D62: ='FM-QOQ'!H62 -> -10000 | F62: ='FM-QOQ'!M62 -> -5000
C63: ='FM-QOQ'!C63 -> Change Unearned Revenue | D63: ='FM-QOQ'!H63 -> 551125 | F63: ='FM-QOQ'!M63 -> 491578.13
C64: ='FM-QOQ'!C64 -> Cash Flow From Operations | D64: ='FM-QOQ'!H64 -> 429520 | F64: ='FM-QOQ'!M64 -> 2314660.3
C66: ='FM-QOQ'!C66 -> Change in Fixed Assets | D66: ='FM-QOQ'!H66 -> -126000 | F66: ='FM-QOQ'!M66 -> -44000
C67: ='FM-QOQ'!C67 -> Change in Intangible Assets | D67: ='FM-QOQ'!H67 -> -300000 | F67: ='FM-QOQ'!M67 -> -360000
C68: ='FM-QOQ'!C68 -> Cash Flow From Investing | D68: ='FM-QOQ'!H68 -> -426000 | F68: ='FM-QOQ'!M68 -> -404000
C70: ='FM-QOQ'!C70 -> Change in Share Capital | D70: ='FM-QOQ'!H70 -> 2825000 | F70: ='FM-QOQ'!M70 -> 0
C72: ='FM-QOQ'!C72 -> Cash Flow From Financing | D72: ='FM-QOQ'!H72 -> 2825000 | F72: ='FM-QOQ'!M72 -> 0
C74: ='FM-QOQ'!C74 -> Beginning Balance | D74: ='FM-QOQ'!H74 -> 2692088.8 | F74: ='FM-QOQ'!M74 -> 4357470.1
... C76: ='FM-QOQ'!C76 -> Ending Balance | D76: ='FM-QOQ'!H76 -> 2828520 | F76: ='FM-QOQ'!M76 -> 4739180.3

Sheet FM-Monthly 
A2: PropSpace
A5: P/L | E5: Q1-Y1 | F5: Q1-Y1 | G5: Q1-Y1 | H5: Q2-Y1 | I5: Q2-Y1 | J5: Q2-Y1 | K5: Q3-Y1 | L5: Q3-Y1 | M5: Q3-Y1 | N5: Q4-Y1 | O5: Q4-Y1 | P5: Q4-Y1 | Q5: Q1-Y2 | R5: Q1-Y2 | S5: Q1-Y2 | T5: Q2-Y2 | U5: Q2-Y2 | V5: Q2-Y2 | W5: Q3-Y2 | X5: Q3-Y2 | Y5: Q3-Y2 | Z5: Q4-Y2 | AA5: Q4-Y2 | AB5: Q4-Y2
B6: Revenue
C7: Developer | D7: Volume | E7: Y1-1 | F7: Y1-2 | G7: Y1-3 | H7: Y1-4 | I7: Y1-5 | J7: Y1-6 | K7: Y1-7 | L7: Y1-8 | M7: Y1-9 | N7: Y1-10 | O7: Y1-11 | P7: Y1-12 | Q7: Y2-1 | R7: Y2-2 | S7: Y2-3 | T7: Y2-4 | U7: Y2-5 | V7: Y2-6 | W7: Y2-7 | X7: Y2-8 | Y7: Y2-9 | Z7: Y2-10 | AA7: Y2-11 | AB7: Y2-12
D9: # Customer | E9: 2 | F9: 2 | G9: 2 | H9: 3 | I9: 3 | J9: 3 | K9: 4 | L9: 4 | M9: 4 | N9: 5 | O9: 5 | P9: 5 | Q9: 6 | R9: 6 | S9: 6 | T9: 7 | U9: 7 | V9: 7 | W9: 8 | X9: 8 | Y9: 8 | Z9: 9 | AA9: 9 | AB9: 9
D10: # Project / #Customer | E10: 6 | F10: 6 | G10: 6 | H10: 6 | I10: 6 | J10: 6 | K10: 6 | L10: 6 | M10: 6 | N10: 6 | O10: 6 | P10: 6 | Q10: 7 | R10: 7 | S10: 7 | T10: 7 | U10: 7 | V10: 7 | W10: 7 | X10: 7 | Y10: 7 | Z10: 7 | AA10: 7 | AB10: 7
D11: # Units / Project | E11: 50 | F11: 50 | G11: 50 | H11: 50 | I11: 50 | J11: 50 | K11: 50 | L11: 50 | M11: 50 | N11: 50 | O11: 50 | P11: 50 | Q11: 50 | R11: 50 | S11: 50 | T11: 50 | U11: 50 | V11: 50 | W11: 50 | X11: 50 | Y11: 50 | Z11: 50 | AA11: 50 | AB11: 50
D12: Total | E12: =E11*E10*E9 -> 600 | F12: =F11*F10*F9 -> 600 | G12: =G11*G10*G9 -> 600 | H12: =H11*H10*H9 -> 900 | I12: =I11*I10*I9 -> 900 | J12: =J11*J10*J9 -> 900 | K12: =K11*K10*K9 -> 1200 | L12: =L11*L10*L9 -> 1200 | ... AB12: =AB11*AB10*AB9 -> 3150
D15: Pricing
D16: Set-up fees / Project | E16: 12000 | F16: 12000 | G16: 12000 | H16: 12000 | I16: 12000 | J16: 12000 | K16: 12000 | L16: 12000 | M16: 12000 | N16: 12000 | O16: 12000 | P16: 12000 | Q16: 12000 | R16: 12000 | S16: 12000 | T16: 12000 | U16: 12000 | V16: 12000 | W16: 12000 | X16: 12000 | Y16: 12000 | Z16: 12000 | AA16: 12000 | AB16: 12000
D17: Annual Subscriptio/Unit | E17: ='Revenue Bundles '!$F$11 -> 61.666667 | F17: ='Revenue Bundles '!$F$11 -> 61.666667 | G17: ='Revenue Bundles '!$F$11 -> 61.666667 | H17: ='Revenue Bundles '!$F$11 -> 61.666667 | I17: ='Revenue Bundles '!$F$11 -> 61.666667 | J17: ='Revenue Bundles '!$F$11 -> 61.666667 | K17: ='Revenue Bundles '!$F$11 -> 61.666667 | L17: ='Revenue Bundles '!$F$11 -> 61.666667 | ... P17: ='Revenue Bundles '!$F$11 -> 61.666667 | Q17: =$P$17*110% -> 67.833333 | R17: =$P$17*110% -> 67.833333 | S17: =$P$17*110% -> 67.833333 | T17: =$P$17*110% -> 67.833333 | U17: =$P$17*110% -> 67.833333 | V17: =$P$17*110% -> 67.833333 | W17: =$P$17*110% -> 67.833333 | X17: =$P$17*110% -> 67.833333 | ... AB17: =$P$17*110% -> 67.833333
D19: Revenue
D20: Set-up fees Revenue | E20: =E16*E9 -> 24000 | F20: =F16*F10 -> 72000 | G20: =G16*G10 -> 72000 | H20: =H16*H10 -> 72000 | I20: =I16*I10 -> 72000 | J20: =J16*J10 -> 72000 | K20: =K16*K10 -> 72000 | L20: =L16*L10 -> 72000 | M20: =M16*M10 -> 72000 | ... AB20: =AB16*AB10 -> 84000
D21: Subscription Revenue | E21: =E12*E17 -> 37000 | F21: =F12*F17 -> 37000 | G21: =G12*G17 -> 37000 | H21: =H12*H17 -> 55500 | I21: =I12*I17 -> 55500 | J21: =J12*J17 -> 55500 | K21: =K12*K17 -> 74000 | L21: =L12*L17 -> 74000 | ... AB21: =AB12*AB17 -> 213675
D22: Renewal Subscription 80% Y-1 | Q22: =E21*80% -> 29600 | R22: =F21*80% -> 29600 | S22: =G21*80% -> 29600 | T22: =H21*80% -> 44400 | U22: =I21*80% -> 44400 | V22: =J21*80% -> 44400 | W22: =K21*80% -> 59200 | X22: =L21*80% -> 59200 | ... AB22: =P21*80% -> 74000
D23: Total Revenue | E23: =SUM(E20:E22) -> 61000 | F23: =SUM(F20:F22) -> 109000 | G23: =SUM(G20:G22) -> 109000 | H23: =SUM(H20:H22) -> 127500 | I23: =SUM(I20:I22) -> 127500 | J23: =SUM(J20:J22) -> 127500 | K23: =SUM(K20:K22) -> 146000 | L23: =SUM(L20:L22) -> 146000 | ... AB23: =SUM(AB20:AB22) -> 371675 | AD23: =E23+F23+G23 -> 279000 | AE23: =F23+G23+H23 -> 345500 | AF23: =SUM(G23:I23) -> 364000 | AG23: =SUM(H23:J23) -> 382500
C26: Tenants | D26: # Customer | E26: 1 | F26: 1 | G26: 1 | H26: 2 | I26: 2 | J26: 2 | K26: 3 | L26: 3 | M26: 3 | N26: 4 | O26: 4 | P26: 4 | Q26: 5 | R26: 5 | S26: 5 | T26: 6 | U26: 6 | V26: 6 | W26: 7 | X26: 7 | Y26: 7 | Z26: 8 | AA26: 8 | AB26: 8
D27: # Project | E27: 4 | F27: 4 | G27: 4 | H27: 4 | I27: 4 | J27: 4 | K27: 4 | L27: 4 | M27: 4 | N27: 4 | O27: 4 | P27: 4 | Q27: 5 | R27: 5 | S27: 5 | T27: 5 | U27: 5 | V27: 5 | W27: 5 | X27: 5 | Y27: 5 | Z27: 5 | AA27: 5 | AB27: 5
D28: # Of Units | E28: 30 | F28: 30 | G28: 30 | H28: 30 | I28: 30 | J28: 30 | K28: 30 | L28: 30 | M28: 30 | N28: 30 | O28: 30 | P28: 30 | Q28: 30 | R28: 30 | S28: 30 | T28: 30 | U28: 30 | V28: 30 | W28: 30 | X28: 30 | Y28: 30 | Z28: 30 | AA28: 30 | AB28: 30
D29: Total | E29: =E28*E27*E26 -> 120 | F29: =F28*F27*F26 -> 120 | G29: =G28*G27*G26 -> 120 | H29: =H28*H27*H26 -> 240 | I29: =I28*I27*I26 -> 240 | J29: =J28*J27*J26 -> 240 | K29: =K28*K27*K26 -> 360 | L29: =L28*L27*L26 -> 360 | ... AB29: =AB28*AB27*AB26 -> 1200
D32: Pricing
D33: Set-up fees / Project | E33: 500 | F33: 500 | G33: 500 | H33: 500 | I33: 500 | J33: 500 | K33: 500 | L33: 500 | M33: 500 | N33: 500 | O33: 500 | P33: 500 | Q33: 500 | R33: 500 | S33: 500 | T33: 500 | U33: 500 | V33: 500 | W33: 500 | X33: 500 | Y33: 500 | Z33: 500 | AA33: 500 | AB33: 500
D34: Annual Subscriptio/Unit | E34: ='Revenue Bundles '!$F$23 -> 43.75 | F34: ='Revenue Bundles '!$F$23 -> 43.75 | G34: ='Revenue Bundles '!$F$23 -> 43.75 | H34: ='Revenue Bundles '!$F$23 -> 43.75 | I34: ='Revenue Bundles '!$F$23 -> 43.75 | J34: ='Revenue Bundles '!$F$23 -> 43.75 | K34: ='Revenue Bundles '!$F$23 -> 43.75 | L34: ='Revenue Bundles '!$F$23 -> 43.75 | ... P34: ='Revenue Bundles '!$F$23 -> 43.75 | Q34: =$P$34*110% -> 48.125 | R34: =$P$34*110% -> 48.125 | S34: =$P$34*110% -> 48.125 | T34: =$P$34*110% -> 48.125 | U34: =$P$34*110% -> 48.125 | V34: =$P$34*110% -> 48.125 | W34: =$P$34*110% -> 48.125 | X34: =$P$34*110% -> 48.125 | ... AB34: =$P$34*110% -> 48.125
D36: Revenue
D37: Set-up fees Revenue | E37: =E33*E26 -> 500 | F37: =F33*F26 -> 500 | G37: =G33*G26 -> 500 | H37: =H33*H26 -> 1000 | I37: =I33*I26 -> 1000 | J37: =J33*J26 -> 1000 | K37: =K33*K26 -> 1500 | L37: =L33*L26 -> 1500 | ... AB37: =AB33*AB26 -> 4000
D38: Subscription Revenue | E38: =E29*E34 -> 5250 | F38: =F29*F34 -> 5250 | G38: =G29*G34 -> 5250 | H38: =H29*H34 -> 10500 | I38: =I29*I34 -> 10500 | J38: =J29*J34 -> 10500 | K38: =K29*K34 -> 15750 | L38: =L29*L34 -> 15750 | ... AB38: =AB29*AB34 -> 57750
D39: Renewal Subscription 80% Y-1 | Q39: =E38*80% -> 4200 | R39: =F38*80% -> 4200 | S39: =G38*80% -> 4200 | T39: =H38*80% -> 8400 | U39: =I38*80% -> 8400 | V39: =J38*80% -> 8400 | W39: =K38*80% -> 12600 | X39: =L38*80% -> 12600 | ... AB39: =P38*80% -> 16800
D40: Total Revenue | E40: =SUM(E37:E39) -> 5750 | F40: =SUM(F37:F39) -> 5750 | G40: =SUM(G37:G39) -> 5750 | H40: =SUM(H37:H39) -> 11500 | I40: =SUM(I37:I39) -> 11500 | J40: =SUM(J37:J39) -> 11500 | K40: =SUM(K37:K39) -> 17250 | L40: =SUM(L37:L39) -> 17250 | ... AB40: =SUM(AB37:AB39) -> 78550
C43: Commercial | D43: # Customer | E43: 0 | F43: 0 | G43: 0 | H43: 0 | I43: 0 | J43: 0 | K43: 1 | L43: 1 | M43: 1 | N43: 1 | O43: 2 | P43: 2 | Q43: 2 | R43: 3 | S43: 3 | T43: 3 | U43: 3 | V43: 3 | W43: 3 | X43: 3 | Y43: 3 | Z43: 4 | AA43: 4 | AB43: 4
D44: # Project | E44: 0 | F44: 0 | G44: 0 | H44: 0 | I44: 0 | J44: 0 | K44: 1 | L44: 1 | M44: 1 | N44: 1 | O44: 1 | P44: 1 | Q44: 1 | R44: 1 | S44: 1 | T44: 1 | U44: 1 | V44: 1 | W44: 1 | X44: 1 | Y44: 1 | Z44: 1 | AA44: 1 | AB44: 1
D45: # Of Units | E45: 0 | F45: 0 | G45: 0 | H45: 0 | I45: 0 | J45: 0 | K45: ='Revenue Bundles '!$E$33 -> 75 | L45: ='Revenue Bundles '!$E$33 -> 75 | M45: ='Revenue Bundles '!$E$33 -> 75 | N45: ='Revenue Bundles '!$E$33 -> 75 | O45: ='Revenue Bundles '!$E$33 -> 75 | P45: ='Revenue Bundles '!$E$33 -> 75 | Q45: ='Revenue Bundles '!$E$33 -> 75 | R45: ='Revenue Bundles '!$E$33 -> 75 | ... AB45: ='Revenue Bundles '!$E$33 -> 75
D46: Total | E46: =E45*E44*E43 -> 0 | F46: =F45*F44*F43 -> 0 | G46: =G45*G44*G43 -> 0 | H46: =H45*H44*H43 -> 0 | I46: =I45*I44*I43 -> 0 | J46: =J45*J44*J43 -> 0 | K46: =K45*K44*K43 -> 75 | L46: =L45*L44*L43 -> 75 | ... AB46: =AB45*AB44*AB43 -> 300
D49: Pricing | E49: 0 | F49: 0 | G49: 0 | H49: 0 | I49: 0 | J49: 0
D50: Set-up fees / Project | E50: 0 | F50: 0 | G50: 0 | H50: 0 | I50: 0 | J50: 0 | K50: 10000 | L50: 10000 | M50: 10000 | N50: 10000 | O50: 10000 | P50: 10000 | Q50: 10000 | R50: 10000 | S50: 10000 | T50: 10000 | U50: 10000 | V50: 10000 | W50: 10000 | X50: 10000 | Y50: 10000 | Z50: 10000 | AA50: 10000 | AB50: 10000
D51: Annual Subscriptio/Unit | E51: ='Revenue Bundles '!$E$33 -> 75 | F51: ='Revenue Bundles '!$E$33 -> 75 | G51: ='Revenue Bundles '!$E$33 -> 75 | H51: ='Revenue Bundles '!$E$33 -> 75 | I51: ='Revenue Bundles '!$E$33 -> 75 | J51: ='Revenue Bundles '!$E$33 -> 75 | K51: ='Revenue Bundles '!$E$33 -> 75 | L51: ='Revenue Bundles '!$E$33 -> 75 | ... P51: ='Revenue Bundles '!$E$33 -> 75 | Q51: =$P$51*110% -> 82.5 | R51: =$P$51*110% -> 82.5 | S51: =$P$51*110% -> 82.5 | T51: =$P$51*110% -> 82.5 | U51: =$P$51*110% -> 82.5 | V51: =$P$51*110% -> 82.5 | W51: =$P$51*110% -> 82.5 | X51: =$P$51*110% -> 82.5 | ... AB51: =$P$51*110% -> 82.5
D53: Revenue
D54: Set-up fees Revenue | E54: =E50*E44 -> 0 | F54: =F50*F44 -> 0 | G54: =G50*G44 -> 0 | H54: =H50*H44 -> 0 | I54: =I50*I44 -> 0 | J54: =J50*J44 -> 0 | K54: 65000 | L54: 65000 | M54: 65000 | N54: 65000 | O54: 65000 | P54: 65000 | Q54: 65000 | R54: 65000 | S54: 65000 | T54: 65000 | U54: 65000 | V54: 65000 | W54: 65000 | X54: 65000 | Y54: 65000 | Z54: 65000 | AA54: 65000 | AB54: 65000
D55: Subscription Revenue | E55: =E46*E51 -> 0 | F55: =F46*F51 -> 0 | G55: =G46*G51 -> 0 | H55: =H46*H51 -> 0 | I55: =I46*I51 -> 0 | J55: =J46*J51 -> 0 | K55: =K46*K51 -> 5625 | L55: =L46*L51 -> 5625 | ... AB55: =AB46*AB51 -> 24750
D56: Renewal Subscription 80% Y-1 | Q56: =E55*80% -> 0 | R56: =F55*80% -> 0 | S56: =G55*80% -> 0 | T56: =H55*80% -> 0 | U56: =I55*80% -> 0 | V56: =J55*80% -> 0 | W56: =K55*80% -> 4500 | X56: =L55*80% -> 4500 | ... AB56: =P55*80% -> 9000
D57: Total Revenue | E57: =SUM(E54:E56) -> 0 | F57: =SUM(F54:F56) -> 0 | G57: =SUM(G54:G56) -> 0 | H57: =SUM(H54:H56) -> 0 | I57: =SUM(I54:I56) -> 0 | J57: =SUM(J54:J56) -> 0 | K57: =SUM(K54:K56) -> 70625 | L57: =SUM(L54:L56) -> 70625 | ... AB57: =SUM(AB54:AB56) -> 98750
D64: Total Revenue | E64: =E57+E40+E23 -> 66750 | F64: =F57+F40+F23 -> 114750 | G64: =G57+G40+G23 -> 114750 | H64: =H57+H40+H23 -> 139000 | I64: =I57+I40+I23 -> 139000 | J64: =J57+J40+J23 -> 139000 | K64: =K57+K40+K23 -> 233875 | L64: =L57+L40+L23 -> 233875 | ... AB64: =AB57+AB40+AB23 -> 548975
B69: Cost Of Revenue | E69: Y1-1 | F69: Y1-2 | G69: Y1-3 | H69: Y1-4 | I69: Y1-5 | J69: Y1-6 | K69: Y1-7 | L69: Y1-8 | M69: Y1-9 | N69: Y1-10 | O69: Y1-11 | P69: Y1-12 | Q69: Y2-1 | R69: Y2-2 | S69: Y2-3 | T69: Y2-4 | U69: Y2-5 | V69: Y2-6 | W69: Y2-7 | X69: Y2-8 | Y69: Y2-9 | Z69: Y2-10 | AA69: Y2-11 | AB69: Y2-12
C70: Tech Cost
D71: Context -Google Cloud | E71: 10000 | F71: 10000 | G71: 10000 | H71: 10000 | I71: 10000 | J71: 10000 | K71: 10000 | L71: 10000 | M71: 10000 | N71: 10000 | O71: 10000 | P71: 10000 | Q71: 10000 | R71: 10000 | S71: 10000 | T71: 10000 | U71: 10000 | V71: 10000 | W71: 10000 | X71: 10000 | Y71: 10000 | Z71: 10000 | AA71: 10000 | AB71: 10000
D72: Tech -Support | E72: 20000 | F72: 20000 | G72: 20000 | H72: 20000 | I72: 20000 | J72: 20000 | K72: 20000 | L72: 20000 | M72: 20000 | N72: 20000 | O72: 20000 | P72: 20000 | Q72: 25000 | R72: 25000 | S72: 25000 | T72: 25000 | U72: 25000 | V72: 25000 | W72: 25000 | X72: 25000 | Y72: 25000 | Z72: 25000 | AA72: 25000 | AB72: 25000
D73: Other Subscription | E73: 5000 | F73: 5000 | G73: 5000 | H73: 5000 | I73: 5000 | J73: 5000 | K73: 5000 | L73: 5000 | M73: 5000 | N73: 5000 | O73: 5000 | P73: 5000 | Q73: 8000 | R73: 8000 | S73: 8000 | T73: 8000 | U73: 8000 | V73: 8000 | W73: 8000 | X73: 8000 | Y73: 8000 | Z73: 8000 | AA73: 8000 | AB73: 8000
D74: Total Tech Cost | E74: =SUM(E71:E73) -> 35000 | F74: =SUM(F71:F73) -> 35000 | G74: =SUM(G71:G73) -> 35000 | H74: =SUM(H71:H73) -> 35000 | I74: =SUM(I71:I73) -> 35000 | J74: =SUM(J71:J73) -> 35000 | K74: =SUM(K71:K73) -> 35000 | L74: =SUM(L71:L73) -> 35000 | ... AB74: =SUM(AB71:AB73) -> 43000
D77: Gross Profit | E77: =E64-E74 -> 31750 | F77: =F64-F74 -> 79750 | G77: =G64-G74 -> 79750 | H77: =H64-H74 -> 104000 | I77: =I64-I74 -> 104000 | J77: =J64-J74 -> 104000 | K77: =K64-K74 -> 198875 | L77: =L64-L74 -> 198875 | ... AB77: =AB64-AB74 -> 505975
D78: GM | E78: =E77/E64 -> 0.47565543 | F78: =F77/F64 -> 0.69498911 | G78: =G77/G64 -> 0.69498911 | H78: =H77/H64 -> 0.74820144 | I78: =I77/I64 -> 0.74820144 | J78: =J77/J64 -> 0.74820144 | K78: =K77/K64 -> 0.85034741 | L78: =L77/L64 -> 0.85034741 | ... AB78: =AB77/AB64 -> 0.92167221
B80: Marketing Dep | E80: Y1-1 | F80: Y1-2 | G80: Y1-3 | H80: Y1-4 | I80: Y1-5 | J80: Y1-6 | K80: Y1-7 | L80: Y1-8 | M80: Y1-9 | N80: Y1-10 | O80: Y1-11 | P80: Y1-12 | Q80: Y2-1 | R80: Y2-2 | S80: Y2-3 | T80: Y2-4 | U80: Y2-5 | V80: Y2-6 | W80: Y2-7 | X80: Y2-8 | Y80: Y2-9 | Z80: Y2-10 | AA80: Y2-11 | AB80: Y2-12
C81: Team | D81: Numbers
D82: # Graphic Designer | E82: 1 | F82: 1 | G82: 1 | H82: 1 | I82: 1 | J82: 2 | K82: 2 | L82: 2 | M82: 2 | N82: 2 | O82: 2 | P82: 2 | Q82: 2 | R82: 2 | S82: 2 | T82: 2 | U82: 2 | V82: 2 | W82: 3 | X82: 3 | Y82: 3 | Z82: 3 | AA82: 3 | AB82: 3
D83: # Content Creator | E83: 1 | F83: 1 | G83: 1 | H83: 1 | I83: 1 | J83: 1 | K83: 1 | L83: 1 | M83: 1 | N83: 1 | O83: 1 | P83: 1 | Q83: 1 | R83: 2 | S83: 2 | T83: 2 | U83: 2 | V83: 2 | W83: 2 | X83: 2 | Y83: 2 | Z83: 2 | AA83: 2 | AB83: 2
D84: # Marketing Interns | E84: 1 | F84: 1 | G84: 1 | H84: 1 | I84: 1 | J84: 1 | K84: 1 | L84: 1 | M84: 1 | N84: 1 | O84: 1 | P84: 1 | Q84: 1 | R84: 2 | S84: 2 | T84: 2 | U84: 2 | V84: 2 | W84: 2 | X84: 2 | Y84: 2 | Z84: 2 | AA84: 2 | AB84: 2
D86: Salary
D87: Graphic Designer (SAR) | E87: 6000 | F87: 6000 | G87: 6000 | H87: 6000 | I87: 6000 | J87: 6000 | K87: 6000 | L87: 6000 | M87: 6000 | N87: 6000 | O87: 6000 | P87: 6000 | Q87: 7000 | R87: 7000 | S87: 7000 | T87: 7000 | U87: 7000 | V87: 7000 | W87: 7000 | X87: 7000 | Y87: 7000 | Z87: 7000 | AA87: 7000 | AB87: 7000
D88: Content Creator (SAR) | E88: 2625 | F88: 2625 | G88: 2625 | H88: 2625 | I88: 2625 | J88: 2625 | K88: 2625 | L88: 2625 | M88: 2625 | N88: 2625 | O88: 2625 | P88: 2625 | Q88: 3000 | R88: 3000 | S88: 3000 | T88: 3000 | U88: 3000 | V88: 3000 | W88: 3000 | X88: 3000 | Y88: 3000 | Z88: 3000 | AA88: 3000 | AB88: 3000
D89: Marketing Interns (SAR) | E89: 3000 | F89: 3000 | G89: 3000 | H89: 3000 | I89: 3000 | J89: 3000 | K89: 3000 | L89: 3000 | M89: 3000 | N89: 3000 | O89: 3000 | P89: 3000 | Q89: 3000 | R89: 3000 | S89: 3000 | T89: 3000 | U89: 3000 | V89: 3000 | W89: 3000 | X89: 3000 | Y89: 3000 | Z89: 3000 | AA89: 3000 | AB89: 3000
D91: Total Salaries
D92: Total Graphic Designer | E92: =E82*E87 -> 6000 | F92: =F82*F87 -> 6000 | G92: =G82*G87 -> 6000 | H92: =H82*H87 -> 6000 | I92: =I82*I87 -> 6000 | J92: =J82*J87 -> 12000 | K92: =K82*K87 -> 12000 | L92: =L82*L87 -> 12000 | ... AB92: =AB82*AB87 -> 21000
D93: Total Content Creator | E93: =E83*E88 -> 2625 | F93: =F83*F88 -> 2625 | G93: =G83*G88 -> 2625 | H93: =H83*H88 -> 2625 | I93: =I83*I88 -> 2625 | J93: =J83*J88 -> 2625 | K93: =K83*K88 -> 2625 | L93: =L83*L88 -> 2625 | ... AB93: =AB83*AB88 -> 6000
D94: Total Marketing Interns | E94: =E84*E89 -> 3000 | F94: =F84*F89 -> 3000 | G94: =G84*G89 -> 3000 | H94: =H84*H89 -> 3000 | I94: =I84*I89 -> 3000 | J94: =J84*J89 -> 3000 | K94: =K84*K89 -> 3000 | L94: =L84*L89 -> 3000 | ... AB94: =AB84*AB89 -> 6000
D95: Total Salaries | E95: =SUM(E92:E94) -> 11625 | F95: =SUM(F92:F94) -> 11625 | G95: =SUM(G92:G94) -> 11625 | H95: =SUM(H92:H94) -> 11625 | I95: =SUM(I92:I94) -> 11625 | J95: =SUM(J92:J94) -> 17625 | K95: =SUM(K92:K94) -> 17625 | L95: =SUM(L92:L94) -> 17625 | ... AB95: =SUM(AB92:AB94) -> 33000
C98: Dep Ex | D98: Affiliate Marketing & Confferance | E98: 0 | F98: 0 | G98: 0 | H98: 18000 | I98: 22000 | J98: 22000 | K98: 22000 | L98: 22000 | M98: 22000 | N98: 75000 | O98: 22000 | P98: 100000 | Q98: 22000 | R98: 22000 | S98: 22000 | T98: 22000 | U98: 22000 | V98: 22000 | W98: 22000 | X98: 22000 | Y98: 25000 | Z98: 125000 | AA98: 22000 | AB98: 200000
D99: ADS | J99: 2000 | K99: 2000 | L99: 2000 | M99: 2000 | N99: 2000 | O99: 2000 | P99: 2000 | Q99: 2000 | R99: 2000 | S99: 2000 | T99: 2000 | U99: 2000 | V99: 2000 | W99: 2000 | X99: 2000 | Y99: 2000 | Z99: 2000 | AA99: 2000 | AB99: 2000
D100: Total Other Ex | E100: =SUM(E98:E99) -> 0 | F100: =SUM(F98:F99) -> 0 | G100: =SUM(G98:G99) -> 0 | H100: =SUM(H98:H99) -> 18000 | I100: =SUM(I98:I99) -> 22000 | J100: =SUM(J98:J99) -> 24000 | K100: =SUM(K98:K99) -> 24000 | L100: =SUM(L98:L99) -> 24000 | ... AB100: =SUM(AB98:AB99) -> 202000
D104: Total Marketing Ex | E104: =E100+E95 -> 11625 | F104: =F100+F95 -> 11625 | G104: =G100+G95 -> 11625 | H104: =H100+H95 -> 29625 | I104: =I100+I95 -> 33625 | J104: =J100+J95 -> 41625 | K104: =K100+K95 -> 41625 | L104: =L100+L95 -> 41625 | ... AB104: =AB100+AB95 -> 235000
B107: Sales Dep | E107: Y1-1 | F107: Y1-2 | G107: Y1-3 | H107: Y1-4 | I107: Y1-5 | J107: Y1-6 | K107: Y1-7 | L107: Y1-8 | M107: Y1-9 | N107: Y1-10 | O107: Y1-11 | P107: Y1-12 | Q107: Y2-1 | R107: Y2-2 | S107: Y2-3 | T107: Y2-4 | U107: Y2-5 | V107: Y2-6 | W107: Y2-7 | X107: Y2-8 | Y107: Y2-9 | Z107: Y2-10 | AA107: Y2-11 | AB107: Y2-12
C108: Team | D108: Numbers
D109: Commercial Director | E109: 1 | F109: 1 | G109: 1 | H109: 1 | I109: 1 | J109: 1 | K109: 1 | L109: 1 | M109: 1 | N109: 1 | O109: 1 | P109: 1 | Q109: 1 | R109: 1 | S109: 1 | T109: 1 | U109: 1 | V109: 1 | W109: 1 | X109: 1 | Y109: 1 | Z109: 1 | AA109: 1 | AB109: 1
D110: Customer Service | E110: 1 | F110: 2 | G110: 2 | H110: 2 | I110: 2 | J110: 2 | K110: 2 | L110: 2 | M110: 2 | N110: 2 | O110: 2 | P110: 2 | Q110: 4 | R110: 4 | S110: 4 | T110: 4 | U110: 4 | V110: 4 | W110: 4 | X110: 4 | Y110: 4 | Z110: 4 | AA110: 4 | AB110: 4
D111: Sales Representative | E111: 1 | F111: 2 | G111: 3 | H111: 4 | I111: 4 | J111: 4 | K111: 4 | L111: 4 | M111: 4 | N111: 4 | O111: 4 | P111: 4 | Q111: 8 | R111: 8 | S111: 8 | T111: 8 | U111: 8 | V111: 8 | W111: 8 | X111: 8 | Y111: 8 | Z111: 8 | AA111: 8 | AB111: 8
D113: Salary
D114: BDM | E114: 14000 | F114: 14000 | G114: 14000 | H114: 14000 | I114: 14000 | J114: 14000 | K114: 14000 | L114: 14000 | M114: 14000 | N114: 14000 | O114: 14000 | P114: 14000 | Q114: 17000 | R114: 17000 | S114: 17000 | T114: 17000 | U114: 17000 | V114: 17000 | W114: 17000 | X114: 17000 | Y114: 17000 | Z114: 17000 | AA114: 17000 | AB114: 17000
D115: Customer Service | E115: 4000 | F115: 4000 | G115: 4000 | H115: 4000 | I115: 4000 | J115: 4000 | K115: 4000 | L115: 4000 | M115: 4000 | N115: 4000 | O115: 4000 | P115: 4000 | Q115: 5000 | R115: 5000 | S115: 5000 | T115: 5000 | U115: 5000 | V115: 5000 | W115: 5000 | X115: 5000 | Y115: 5000 | Z115: 5000 | AA115: 5000 | AB115: 5000
D116: Sales Representative | E116: 6000 | F116: 6000 | G116: 6000 | H116: 6000 | I116: 6000 | J116: 6000 | K116: 6000 | L116: 6000 | M116: 6000 | N116: 6000 | O116: 6000 | P116: 6000 | Q116: 7000 | R116: 7000 | S116: 7000 | T116: 7000 | U116: 7000 | V116: 7000 | W116: 7000 | X116: 7000 | Y116: 7000 | Z116: 7000 | AA116: 7000 | AB116: 7000
D118: Total Salaries
D119: Commercial Director | E119: =E109*E114 -> 14000 | F119: =F109*F114 -> 14000 | G119: =G109*G114 -> 14000 | H119: =H109*H114 -> 14000 | I119: =I109*I114 -> 14000 | J119: =J109*J114 -> 14000 | K119: =K109*K114 -> 14000 | L119: =L109*L114 -> 14000 | ... AB119: =AB109*AB114 -> 17000
D120: Customer Service | E120: =E110*E115 -> 4000 | F120: =F110*F115 -> 8000 | G120: =G110*G115 -> 8000 | H120: =H110*H115 -> 8000 | I120: =I110*I115 -> 8000 | J120: =J110*J115 -> 8000 | K120: =K110*K115 -> 8000 | L120: =L110*L115 -> 8000 | ... AB120: =AB110*AB115 -> 20000
D121: Sales Representative | E121: =E111*E116 -> 6000 | F121: =F111*F116 -> 12000 | G121: =G111*G116 -> 18000 | H121: =H111*H116 -> 24000 | I121: =I111*I116 -> 24000 | J121: =J111*J116 -> 24000 | K121: =K111*K116 -> 24000 | L121: =L111*L116 -> 24000 | ... AB121: =AB111*AB116 -> 56000
D122: Total Salaries | E122: =SUM(E119:E121) -> 24000 | F122: =SUM(F119:F121) -> 34000 | G122: =SUM(G119:G121) -> 40000 | H122: =SUM(H119:H121) -> 46000 | I122: =SUM(I119:I121) -> 46000 | J122: =SUM(J119:J121) -> 46000 | K122: =SUM(K119:K121) -> 46000 | L122: =SUM(L119:L121) -> 46000 | ... AB122: =SUM(AB119:AB121) -> 93000
C125: Dep Ex | D125: PhoneS Bills | E125: 1000 | F125: 1000 | G125: 1000 | H125: 1000 | I125: 1000 | J125: 1000 | K125: 1000 | L125: 1000 | M125: 1000 | N125: 1000 | O125: 1000 | P125: 1000 | Q125: 1000 | R125: 1000 | S125: 1000 | T125: 1000 | U125: 1000 | V125: 1000 | W125: 1000 | X125: 1000 | Y125: 1000 | Z125: 1000 | AA125: 1000 | AB125: 1000
D126: Commissions (1%) | E126: =E64*1% -> 667.5 | F126: =F64*1% -> 1147.5 | G126: =G64*1% -> 1147.5 | H126: =H64*1% -> 1390 | I126: =I64*1% -> 1390 | J126: =J64*1% -> 1390 | K126: =K64*1% -> 2338.75 | L126: =L64*1% -> 2338.75 | ... AB126: =AB64*1% -> 5489.75
D127: Total Other Ex | E127: =SUM(E125:E126) -> 1667.5 | F127: =SUM(F125:F126) -> 2147.5 | G127: =SUM(G125:G126) -> 2147.5 | H127: =SUM(H125:H126) -> 2390 | I127: =SUM(I125:I126) -> 2390 | J127: =SUM(J125:J126) -> 2390 | K127: =SUM(K125:K126) -> 3338.75 | L127: =SUM(L125:L126) -> 3338.75 | ... AB127: =SUM(AB125:AB126) -> 6489.75
D131: Total Sales Ex | E131: =E127+E122 -> 25667.5 | F131: =F127+F122 -> 36147.5 | G131: =G127+G122 -> 42147.5 | H131: =H127+H122 -> 48390 | I131: =I127+I122 -> 48390 | J131: =J127+J122 -> 48390 | K131: =K127+K122 -> 49338.75 | L131: =L127+L122 -> 49338.75 | ... AB131: =AB127+AB122 -> 99489.75
B133: Dv-Operation | E133: Y1-1 | F133: Y1-2 | G133: Y1-3 | H133: Y1-4 | I133: Y1-5 | J133: Y1-6 | K133: Y1-7 | L133: Y1-8 | M133: Y1-9 | N133: Y1-10 | O133: Y1-11 | P133: Y1-12 | Q133: Y2-1 | R133: Y2-2 | S133: Y2-3 | T133: Y2-4 | U133: Y2-5 | V133: Y2-6 | W133: Y2-7 | X133: Y2-8 | Y133: Y2-9 | Z133: Y2-10 | AA133: Y2-11 | AB133: Y2-12
C134: Team | D134: Numbers
D135: DV Ops | E135: 1 | F135: 1 | G135: 1 | H135: 1 | I135: 1 | J135: 1 | K135: 1 | L135: 1 | M135: 1 | N135: 1 | O135: 1 | P135: 1 | Q135: 1 | R135: 1 | S135: 1 | T135: 1 | U135: 1 | V135: 1 | W135: 1 | X135: 1 | Y135: 1 | Z135: 1 | AA135: 1 | AB135: 1
D136: Ops Supervisor | E136: 2 | F136: 2 | G136: 2 | H136: 2 | I136: 2 | J136: 2 | K136: 2 | L136: 2 | M136: 2 | N136: 3 | O136: 3 | P136: 3 | Q136: 4 | R136: 4 | S136: 4 | T136: 4 | U136: 4 | V136: 4 | W136: 4 | X136: 4 | Y136: 4 | Z136: 4 | AA136: 4 | AB136: 4
D137: OP Specialist | E137: 2 | F137: 2 | G137: 2 | H137: 2 | I137: 2 | J137: 2 | K137: 2 | L137: 2 | M137: 2 | N137: 2 | O137: 2 | P137: 2 | Q137: 2 | R137: 2 | S137: 2 | T137: 2 | U137: 2 | V137: 2 | W137: 2 | X137: 2 | Y137: 2 | Z137: 2 | AA137: 2 | AB137: 2
D139: Salary
D140: Operation Manager | E140: 14000 | F140: 14000 | G140: 14000 | H140: 14000 | I140: 14000 | J140: 14000 | K140: 14000 | L140: 14000 | M140: 14000 | N140: 14000 | O140: 14000 | P140: 14000 | Q140: 17000 | R140: 17000 | S140: 17000 | T140: 17000 | U140: 17000 | V140: 17000 | W140: 17000 | X140: 17000 | Y140: 17000 | Z140: 17000 | AA140: 17000 | AB140: 17000
D141: Ops Supervisor | E141: 4000 | F141: 4000 | G141: 4000 | H141: 4000 | I141: 4000 | J141: 4000 | K141: 4000 | L141: 4000 | M141: 4000 | N141: 4000 | O141: 4000 | P141: 4000 | Q141: 5000 | R141: 5000 | S141: 5000 | T141: 5000 | U141: 5000 | V141: 5000 | W141: 5000 | X141: 5000 | Y141: 5000 | Z141: 5000 | AA141: 5000 | AB141: 5000
D142: OP Specialist | E142: 6000 | F142: 6000 | G142: 6000 | H142: 6000 | I142: 6000 | J142: 6000 | K142: 6000 | L142: 6000 | M142: 6000 | N142: 6000 | O142: 6000 | P142: 6000 | Q142: 7000 | R142: 7000 | S142: 7000 | T142: 7000 | U142: 7000 | V142: 7000 | W142: 7000 | X142: 7000 | Y142: 7000 | Z142: 7000 | AA142: 7000 | AB142: 7000
D144: Total Salaries
D145: Dev-Operation Manager | E145: =E135*E140 -> 14000 | F145: =F135*F140 -> 14000 | G145: =G135*G140 -> 14000 | H145: =H135*H140 -> 14000 | I145: =I135*I140 -> 14000 | J145: =J135*J140 -> 14000 | K145: =K135*K140 -> 14000 | L145: =L135*L140 -> 14000 | ... AB145: =AB135*AB140 -> 17000
D146: Ops Supervisor | E146: =E136*E141 -> 8000 | F146: =F136*F141 -> 8000 | G146: =G136*G141 -> 8000 | H146: =H136*H141 -> 8000 | I146: =I136*I141 -> 8000 | J146: =J136*J141 -> 8000 | K146: =K136*K141 -> 8000 | L146: =L136*L141 -> 8000 | ... AB146: =AB136*AB141 -> 20000
D147: OP Specialist | E147: =E137*E142 -> 12000 | F147: =F137*F142 -> 12000 | G147: =G137*G142 -> 12000 | H147: =H137*H142 -> 12000 | I147: =I137*I142 -> 12000 | J147: =J137*J142 -> 12000 | K147: =K137*K142 -> 12000 | L147: =L137*L142 -> 12000 | ... AB147: =AB137*AB142 -> 14000
D148: Total Salaries | E148: =SUM(E145:E147) -> 34000 | F148: =SUM(F145:F147) -> 34000 | G148: =SUM(G145:G147) -> 34000 | H148: =SUM(H145:H147) -> 34000 | I148: =SUM(I145:I147) -> 34000 | J148: =SUM(J145:J147) -> 34000 | K148: =SUM(K145:K147) -> 34000 | L148: =SUM(L145:L147) -> 34000 | ... AB148: =SUM(AB145:AB147) -> 51000
C151: Dep Ex | D151: Phones Bills | E151: 500 | F151: 500 | G151: 500 | H151: 500 | I151: 500 | J151: 500 | K151: 500 | L151: 500 | M151: 500 | N151: 500 | O151: 500 | P151: 500 | Q151: 750 | R151: 750 | S151: 750 | T151: 750 | U151: 750 | V151: 750 | W151: 750 | X151: 750 | Y151: 750 | Z151: 750 | AA151: 750 | AB151: 750
...

Sheet FM-QOQ
A1: PropSpace
A5: P&L
C6: Itemes | D6: Q1-Y1 | E6: Q2-Y1 | F6: Q3-Y1 | G6: Q4-Y1 | H6: Y-1 | I6: Q1-Y2 | J6: Q2-Y2 | K6: Q3-Y2 | L6: Q4-Y2 | M6: Y-2
C8: Real Estat Developers | D8: =SUMIF('FM-Monthly '!$E$5:$AB$5,'FM-QOQ'!D6,'FM-Monthly '!$E$23:$AB$23) -> 279000 | E8: =SUMIF('FM-Monthly '!$E$5:$AB$5,'FM-QOQ'!E6,'FM-Monthly '!$E$23:$AB$23) -> 382500 | F8: =SUMIF('FM-Monthly '!$E$5:$AB$5,'FM-QOQ'!F6,'FM-Monthly '!$E$23:$AB$23) -> 438000 | G8: =SUMIF('FM-Monthly '!$E$5:$AB$5,'FM-QOQ'!G6,'FM-Monthly '!$E$23:$AB$23) -> 493500 | H8: =SUM(D8:G8) -> 1593000 | I8: =SUMIF('FM-Monthly '!$E$5:$AB$5,'FM-QOQ'!I6,'FM-Monthly '!$E$23:$AB$23) -> 768150 | J8: =SUMIF('FM-Monthly '!$E$5:$AB$5,'FM-QOQ'!J6,'FM-Monthly '!$E$23:$AB$23) -> 883775 | K8: =SUMIF('FM-Monthly '!$E$5:$AB$5,'FM-QOQ'!K6,'FM-Monthly '!$E$23:$AB$23) -> 999400 | L8: =SUMIF('FM-Monthly '!$E$5:$AB$5,'FM-QOQ'!L6,'FM-Monthly '!$E$23:$AB$23) -> 1115025 | M8: =SUM(I8:L8) -> 3766350
C9: Tenants | D9: =SUMIF('FM-Monthly '!$E$5:$AB$5,'FM-QOQ'!D6,'FM-Monthly '!$E$40:$AB$40) -> 17250 | E9: =SUMIF('FM-Monthly '!$E$5:$AB$5,'FM-QOQ'!E6,'FM-Monthly '!$E$40:$AB$40) -> 34500 | F9: =SUMIF('FM-Monthly '!$E$5:$AB$5,'FM-QOQ'!F6,'FM-Monthly '!$E$40:$AB$40) -> 51750 | G9: =SUMIF('FM-Monthly '!$E$5:$AB$5,'FM-QOQ'!G6,'FM-Monthly '!$E$40:$AB$40) -> 69000 | H9: =SUM(D9:G9) -> 172500 | I9: =SUMIF('FM-Monthly '!$E$5:$AB$5,'FM-QOQ'!I6,'FM-Monthly '!$E$40:$AB$40) -> 128381.25 | J9: =SUMIF('FM-Monthly '!$E$5:$AB$5,'FM-QOQ'!J6,'FM-Monthly '!$E$40:$AB$40) -> 164137.5 | K9: =SUMIF('FM-Monthly '!$E$5:$AB$5,'FM-QOQ'!K6,'FM-Monthly '!$E$40:$AB$40) -> 199893.75 | L9: =SUMIF('FM-Monthly '!$E$5:$AB$5,'FM-QOQ'!L6,'FM-Monthly '!$E$40:$AB$40) -> 235650 | M9: =SUM(I9:L9) -> 728062.5
C10: Commercial | D10: =SUMIF('FM-Monthly '!$E$5:$AB$5,'FM-QOQ'!D6,'FM-Monthly '!$E$57:$AB$57) -> 0 | E10: =SUMIF('FM-Monthly '!$E$5:$AB$5,'FM-QOQ'!E6,'FM-Monthly '!$E$57:$AB$57) -> 0 | F10: =SUMIF('FM-Monthly '!$E$5:$AB$5,'FM-QOQ'!F6,'FM-Monthly '!$E$57:$AB$57) -> 211875 | G10: =SUMIF('FM-Monthly '!$E$5:$AB$5,'FM-QOQ'!G6,'FM-Monthly '!$E$57:$AB$57) -> 223125 | H10: =SUM(D10:G10) -> 435000 | I10: =SUMIF('FM-Monthly '!$E$5:$AB$5,'FM-QOQ'!I6,'FM-Monthly '!$E$57:$AB$57) -> 244500 | J10: =SUMIF('FM-Monthly '!$E$5:$AB$5,'FM-QOQ'!J6,'FM-Monthly '!$E$57:$AB$57) -> 250687.5 | K10: =SUMIF('FM-Monthly '!$E$5:$AB$5,'FM-QOQ'!K6,'FM-Monthly '!$E$57:$AB$57) -> 264187.5 | L10: =SUMIF('FM-Monthly '!$E$5:$AB$5,'FM-QOQ'!L6,'FM-Monthly '!$E$57:$AB$57) -> 291750 | M10: =SUM(I10:L10) -> 1051125
C12: Total Revenue | D12: =SUM(D8:D11) -> 296250 | E12: =SUM(E8:E11) -> 417000 | F12: =SUM(F8:F11) -> 701625 | G12: =SUM(G8:G11) -> 785625 | H12: =SUM(H8:H11) -> 2200500 | I12: =SUM(I8:I11) -> 1141031.2 | J12: =SUM(J8:J11) -> 1298600 | K12: =SUM(K8:K11) -> 1463481.2 | ... M12: =SUM(M8:M11) -> 5545537.5
C14: Cost Of Revenue | D14: =SUMIF('FM-Monthly '!$E$5:$AB$5,'FM-QOQ'!D6,'FM-Monthly '!$E$74:$AB$74) -> 105000 | E14: =SUMIF('FM-Monthly '!$E$5:$AB$5,'FM-QOQ'!E6,'FM-Monthly '!$E$74:$AB$74) -> 105000 | F14: =SUMIF('FM-Monthly '!$E$5:$AB$5,'FM-QOQ'!F6,'FM-Monthly '!$E$74:$AB$74) -> 105000 | G14: =SUMIF('FM-Monthly '!$E$5:$AB$5,'FM-QOQ'!G6,'FM-Monthly '!$E$74:$AB$74) -> 105000 | H14: =SUM(D14:G14) -> 420000 | I14: =SUMIF('FM-Monthly '!$E$5:$AB$5,'FM-QOQ'!I6,'FM-Monthly '!$E$74:$AB$74) -> 129000 | J14: =SUMIF('FM-Monthly '!$E$5:$AB$5,'FM-QOQ'!J6,'FM-Monthly '!$E$74:$AB$74) -> 129000 | K14: =SUMIF('FM-Monthly '!$E$5:$AB$5,'FM-QOQ'!K6,'FM-Monthly '!$E$74:$AB$74) -> 129000 | L14: =SUMIF('FM-Monthly '!$E$5:$AB$5,'FM-QOQ'!L6,'FM-Monthly '!$E$74:$AB$74) -> 129000 | M14: =SUM(I14:L14) -> 516000
C16: Gross Profit | D16: =D12-D14 -> 191250 | E16: =E12-E14 -> 312000 | F16: =F12-F14 -> 596625 | G16: =G12-G14 -> 680625 | H16: =H12-H14 -> 1780500 | I16: =I12-I14 -> 1012031.2 | J16: =J12-J14 -> 1169600 | K16: =K12-K14 -> 1334481.2 | ... M16: =M12-M14 -> 5029537.5
C17: GM | D17: =D16/D12 -> 0.64556962 | E17: =E16/E12 -> 0.74820144 | F17: =F16/F12 -> 0.85034741 | G17: =G16/G12 -> 0.86634845 | H17: =H16/H12 -> 0.80913429 | I17: =I16/I12 -> 0.88694438 | J17: =J16/J12 -> 0.90066225 | K17: =K16/K12 -> 0.91185401 | ... M17: =M16/M12 -> 0.90695221
C20: Marketing Dep | D20: =SUMIF('FM-Monthly '!$E$5:$AB$5,'FM-QOQ'!D6,'FM-Monthly '!$E$104:$AB$104) -> 34875 | E20: =SUMIF('FM-Monthly '!$E$5:$AB$5,'FM-QOQ'!E6,'FM-Monthly '!$E$104:$AB$104) -> 104875 | F20: =SUMIF('FM-Monthly '!$E$5:$AB$5,'FM-QOQ'!F6,'FM-Monthly '!$E$104:$AB$104) -> 124875 | G20: =SUMIF('FM-Monthly '!$E$5:$AB$5,'FM-QOQ'!G6,'FM-Monthly '!$E$104:$AB$104) -> 255875 | H20: =SUM(D20:G20) -> 520500 | I20: =SUMIF('FM-Monthly '!$E$5:$AB$5,'FM-QOQ'!I6,'FM-Monthly '!$E$104:$AB$104) -> 144000 | J20: =SUMIF('FM-Monthly '!$E$5:$AB$5,'FM-QOQ'!J6,'FM-Monthly '!$E$104:$AB$104) -> 150000 | K20: =SUMIF('FM-Monthly '!$E$5:$AB$5,'FM-QOQ'!K6,'FM-Monthly '!$E$104:$AB$104) -> 174000 | L20: =SUMIF('FM-Monthly '!$E$5:$AB$5,'FM-QOQ'!L6,'FM-Monthly '!$E$104:$AB$104) -> 452000 | M20: =SUM(I20:L20) -> 920000
C21: Sales Dep | D21: =SUMIF('FM-Monthly '!$E$5:$AB$5,'FM-QOQ'!D6,'FM-Monthly '!$E$131:$AB$131) -> 103962.5 | E21: =SUMIF('FM-Monthly '!$E$5:$AB$5,'FM-QOQ'!E6,'FM-Monthly '!$E$131:$AB$131) -> 145170 | F21: =SUMIF('FM-Monthly '!$E$5:$AB$5,'FM-QOQ'!F6,'FM-Monthly '!$E$131:$AB$131) -> 148016.25 | G21: =SUMIF('FM-Monthly '!$E$5:$AB$5,'FM-QOQ'!G6,'FM-Monthly '!$E$131:$AB$131) -> 148856.25 | H21: =SUM(D21:G21) -> 546005 | I21: =SUMIF('FM-Monthly '!$E$5:$AB$5,'FM-QOQ'!I6,'FM-Monthly '!$E$131:$AB$131) -> 293410.31 | J21: =SUMIF('FM-Monthly '!$E$5:$AB$5,'FM-QOQ'!J6,'FM-Monthly '!$E$131:$AB$131) -> 294986 | K21: =SUMIF('FM-Monthly '!$E$5:$AB$5,'FM-QOQ'!K6,'FM-Monthly '!$E$131:$AB$131) -> 296634.81 | L21: =SUMIF('FM-Monthly '!$E$5:$AB$5,'FM-QOQ'!L6,'FM-Monthly '!$E$131:$AB$131) -> 298424.25 | M21: =SUM(I21:L21) -> 1183455.4
C22: Dev-Operation Dep | D22: =SUMIF('FM-Monthly '!$E$5:$AB$5,'FM-QOQ'!D6,'FM-Monthly '!$E$157:$AB$157) -> 103500 | E22: =SUMIF('FM-Monthly '!$E$5:$AB$5,'FM-QOQ'!E6,'FM-Monthly '!$E$157:$AB$157) -> 103500 | F22: =SUMIF('FM-Monthly '!$E$5:$AB$5,'FM-QOQ'!F6,'FM-Monthly '!$E$157:$AB$157) -> 103500 | G22: =SUMIF('FM-Monthly '!$E$5:$AB$5,'FM-QOQ'!G6,'FM-Monthly '!$E$157:$AB$157) -> 115500 | H22: =SUM(D22:G22) -> 426000 | I22: =SUMIF('FM-Monthly '!$E$5:$AB$5,'FM-QOQ'!I6,'FM-Monthly '!$E$157:$AB$157) -> 155250 | J22: =SUMIF('FM-Monthly '!$E$5:$AB$5,'FM-QOQ'!J6,'FM-Monthly '!$E$157:$AB$157) -> 155250 | K22: =SUMIF('FM-Monthly '!$E$5:$AB$5,'FM-QOQ'!K6,'FM-Monthly '!$E$157:$AB$157) -> 155250 | L22: =SUMIF('FM-Monthly '!$E$5:$AB$5,'FM-QOQ'!L6,'FM-Monthly '!$E$157:$AB$157) -> 155250 | M22: =SUM(I22:L22) -> 621000
C23: Finance Dep | D23: =SUMIF('FM-Monthly '!$E$5:$AB$5,'FM-QOQ'!D6,'FM-Monthly '!$E$185:$AB$185) -> 60900 | E23: =SUMIF('FM-Monthly '!$E$5:$AB$5,'FM-QOQ'!E6,'FM-Monthly '!$E$185:$AB$185) -> 60900 | F23: =SUMIF('FM-Monthly '!$E$5:$AB$5,'FM-QOQ'!F6,'FM-Monthly '!$E$185:$AB$185) -> 60900 | G23: =SUMIF('FM-Monthly '!$E$5:$AB$5,'FM-QOQ'!G6,'FM-Monthly '!$E$185:$AB$185) -> 60900 | H23: =SUM(D23:G23) -> 243600 | I23: =SUMIF('FM-Monthly '!$E$5:$AB$5,'FM-QOQ'!I6,'FM-Monthly '!$E$185:$AB$185) -> 73500 | J23: =SUMIF('FM-Monthly '!$E$5:$AB$5,'FM-QOQ'!J6,'FM-Monthly '!$E$185:$AB$185) -> 73500 | K23: =SUMIF('FM-Monthly '!$E$5:$AB$5,'FM-QOQ'!K6,'FM-Monthly '!$E$185:$AB$185) -> 73500 | L23: =SUMIF('FM-Monthly '!$E$5:$AB$5,'FM-QOQ'!L6,'FM-Monthly '!$E$185:$AB$185) -> 73500 | M23: =SUM(I23:L23) -> 294000
C24: G&A | D24: =SUMIF('FM-Monthly '!$E$5:$AB$5,'FM-QOQ'!D6,'FM-Monthly '!$E$195:$AB$195) -> 48183.333 | E24: =SUMIF('FM-Monthly '!$E$5:$AB$5,'FM-QOQ'!E6,'FM-Monthly '!$E$195:$AB$195) -> 53404.167 | F24: =SUMIF('FM-Monthly '!$E$5:$AB$5,'FM-QOQ'!F6,'FM-Monthly '!$E$195:$AB$195) -> 58225 | G24: =SUMIF('FM-Monthly '!$E$5:$AB$5,'FM-QOQ'!G6,'FM-Monthly '!$E$195:$AB$195) -> 63112.5 | H24: =SUM(D24:G24) -> 222925 | I24: =SUMIF('FM-Monthly '!$E$5:$AB$5,'FM-QOQ'!I6,'FM-Monthly '!$E$195:$AB$195) -> 74791.667 | J24: =SUMIF('FM-Monthly '!$E$5:$AB$5,'FM-QOQ'!J6,'FM-Monthly '!$E$195:$AB$195) -> 83550 | K24: =SUMIF('FM-Monthly '!$E$5:$AB$5,'FM-QOQ'!K6,'FM-Monthly '!$E$195:$AB$195) -> 89375 | L24: =SUMIF('FM-Monthly '!$E$5:$AB$5,'FM-QOQ'!L6,'FM-Monthly '!$E$195:$AB$195) -> 95000 | M24: =SUM(I24:L24) -> 342716.67
C26: Total EX | D26: =SUM(D20:D25) -> 351420.83 | E26: =SUM(E20:E25) -> 467849.17 | F26: =SUM(F20:F25) -> 495516.25 | G26: =SUM(G20:G25) -> 644243.75 | H26: =SUM(D26:G26) -> 1959030 | I26: =SUM(I20:I25) -> 740951.98 | J26: =SUM(J20:J25) -> 757286 | K26: =SUM(K20:K25) -> 788759.81 | L26: =SUM(L20:L25) -> 1074174.2 | M26: =SUM(I26:L26) -> 3361172
C28: Net Income (loss) | D28: =D16-D26 -> -160170.83 | E28: =E16-E26 -> -155849.17 | F28: =F16-F26 -> 101108.75 | G28: =G16-G26 -> 36381.25 | H28: =H16-H26 -> -178530 | I28: =I16-I26 -> 271079.27 | J28: =J16-J26 -> 412314 | K28: =K16-K26 -> 545721.44 | ... M28: =M16-M26 -> 1668365.5
A31: Financial Postion
C32: Itemes | D32: Q1-Y1 | E32: Q2-Y1 | F32: Q3-Y1 | G32: Q4-Y1 | H32: Y-1 | I32: Q1-Y2 | J32: Q2-Y2 | K32: Q3-Y2 | L32: Q4-Y2 | M32: Y-2
C33: Fixed Assets | D33: ='FM-Monthly '!G221+'FM-Monthly '!G251 -> 107941.67 | E33: ='FM-Monthly '!J221+'FM-Monthly '!J251 -> 109350 | F33: ='FM-Monthly '!M221+'FM-Monthly '!M251 -> 102625 | G33: ='FM-Monthly '!P221+'FM-Monthly '!P251 -> 99700 | H33: =G33 -> 99700 | I33: ='FM-Monthly '!S221+'FM-Monthly '!S251 -> 130908.33 | J33: ='FM-Monthly '!V221+'FM-Monthly '!V251 -> 121983.33 | K33: ='FM-Monthly '!Y221+'FM-Monthly '!Y251 -> 116858.33 | L33: ='FM-Monthly '!AB221+'FM-Monthly '!AB251 -> 107733.33 | M33: =L33 -> 107733.33
C34: Intaingble Assets | D34: ='FM-Monthly '!G236 -> 71875 | E34: ='FM-Monthly '!J236 -> 139062.5 | F34: ='FM-Monthly '!M236 -> 201562.5 | G34: ='FM-Monthly '!P236 -> 259375 | H34: =G34 -> 259375 | I34: ='FM-Monthly '!S236 -> 326875 | J34: ='FM-Monthly '!V236 -> 388750 | K34: ='FM-Monthly '!Y236 -> 445000 | L34: ='FM-Monthly '!AB236 -> 495625 | M34: =L34 -> 495625
C35: Non-Current Assets | D35: =SUM(D33:D34) -> 179816.67 | E35: =SUM(E33:E34) -> 248412.5 | F35: =SUM(F33:F34) -> 304187.5 | G35: =SUM(G33:G34) -> 359075 | H35: =G35 -> 359075 | I35: =SUM(I33:I34) -> 457783.33 | J35: =SUM(J33:J34) -> 510733.33 | K35: =SUM(K33:K34) -> 561858.33 | L35: =SUM(L33:L34) -> 603358.33 | M35: =L35 -> 603358.33
C37: Cash | D37: ='FM-Monthly '!G258 -> 2580637.5 | E37: ='FM-Monthly '!J258 -> 2489505 | F37: ='FM-Monthly '!M258 -> 2692088.8 | G37: ='FM-Monthly '!P258 -> 2828520 | H37: =G37 -> 2828520 | I37: ='FM-Monthly '!S258 -> 3239140.9 | J37: ='FM-Monthly '!V258 -> 3777513.8 | K37: ='FM-Monthly '!Y258 -> 4357470.1 | L37: ='FM-Monthly '!AB258 -> 4739180.3 | M37: =L37 -> 4739180.3
C38: Petty Cash | D38: ='FM-Monthly '!G259 -> 10000 | E38: ='FM-Monthly '!J259 -> 10000 | F38: ='FM-Monthly '!M259 -> 10000 | G38: ='FM-Monthly '!P259 -> 10000 | H38: =G38 -> 10000 | I38: ='FM-Monthly '!S259 -> 15000 | J38: ='FM-Monthly '!V259 -> 15000 | K38: ='FM-Monthly '!Y259 -> 15000 | L38: ='FM-Monthly '!AB259 -> 15000 | M38: =L38 -> 15000
C39: Current Assets | D39: =SUM(D37:D38) -> 2590637.5 | E39: =SUM(E37:E38) -> 2499505 | F39: =SUM(F37:F38) -> 2702088.8 | G39: =SUM(G37:G38) -> 2838520 | H39: =SUM(H37:H38) -> 2838520 | I39: =SUM(I37:I38) -> 3254140.9 | J39: =SUM(J37:J38) -> 3792513.8 | K39: =SUM(K37:K38) -> 4372470.1 | ... M39: =SUM(M37:M38) -> 4754180.3
C41: Total Assets | D41: =D39+D35 -> 2770454.2 | E41: =E39+E35 -> 2747917.5 | F41: =F39+F35 -> 3006276.2 | G41: =G39+G35 -> 3197595 | H41: =H39+H35 -> 3197595 | I41: =I39+I35 -> 3711924.3 | J41: =J39+J35 -> 4303247.1 | K41: =K39+K35 -> 4934328.5 | ... M41: =M39+M35 -> 5357538.6
C43: Un-earned Revenue | D43: ='FM-Monthly '!G281 -> 105625 | E43: ='FM-Monthly '!J279 -> 238937.5 | F43: ='FM-Monthly '!M279 -> 396187.5 | G43: ='FM-Monthly '!P279 -> 551125 | H43: =G43 -> 551125 | I43: ='FM-Monthly '!S279 -> 794375 | J43: ='FM-Monthly '!V279 -> 973383.85 | K43: ='FM-Monthly '!Y279 -> 1058743.8 | L43: ='FM-Monthly '!AB279 -> 1042703.1 | M43: =L43 -> 1042703.1
C45: Current Liability | D45: =D43 -> 105625 | E45: =E43 -> 238937.5 | F45: =F43 -> 396187.5 | G45: =G43 -> 551125 | H45: =H43 -> 551125 | I45: =I43 -> 794375 | J45: =J43 -> 973383.85 | K45: =K43 -> 1058743.8 | ... M45: =M43 -> 1042703.1
C49: Fund Raising | D49: ='FM-Monthly '!G285 -> 2625000 | E49: ='FM-Monthly '!J285 -> 2625000 | F49: ='FM-Monthly '!M285 -> 2625000 | G49: ='FM-Monthly '!P285 -> 2625000 | H49: =G49 -> 2625000 | I49: ='FM-Monthly '!S285 -> 2625000 | J49: ='FM-Monthly '!V285 -> 2625000 | K49: ='FM-Monthly '!Y285 -> 2625000 | L49: ='FM-Monthly '!AB285 -> 2625000 | M49: =L49 -> 2625000
C50: Capital | D50: ='FM-Monthly '!G286 -> 200000 | E50: ='FM-Monthly '!J286 -> 200000 | F50: ='FM-Monthly '!M286 -> 200000 | G50: ='FM-Monthly '!P286 -> 200000 | H50: =G50 -> 200000 | I50: ='FM-Monthly '!S286 -> 200000 | J50: ='FM-Monthly '!V286 -> 200000 | K50: ='FM-Monthly '!Y286 -> 200000 | L50: ='FM-Monthly '!AB286 -> 200000 | M50: =L50 -> 200000
C51: Current Profit/Loss | D51: ='FM-Monthly '!G289 -> -45493.333 | E51: ='FM-Monthly '!J289 -> -59181.667 | F51: ='FM-Monthly '!M289 -> 33182.083 | G51: ='FM-Monthly '!P289 -> -20870.833 | H51: =G51 -> -20870.833 | I51: ='FM-Monthly '!S289 -> 88732.188 | J51: ='FM-Monthly '!V289 -> 136813 | K51: ='FM-Monthly '!Y289 -> 179282.15 | L51: ='FM-Monthly '!AB289 -> 62943.583 | M51: =L51 -> 62943.583
C52: Accumulated earning or Loss | D52: ='FM-Monthly '!G290 -> -114677.5 | E52: ='FM-Monthly '!J290 -> -256838.33 | F52: ='FM-Monthly '!M290 -> -248093.33 | G52: ='FM-Monthly '!P290 -> -157659.17 | H52: =G52 -> -157659.17 | I52: ='FM-Monthly '!S290 -> 3817.0833 | J52: ='FM-Monthly '!V290 -> 368050.27 | K52: ='FM-Monthly '!Y290 -> 871302.56 | L52: ='FM-Monthly '!AB290 -> 1426891.9 | M52: =L52 -> 1426891.9
C53: Equity | D53: =SUM(D49:D52) -> 2664829.2 | E53: =SUM(E49:E52) -> 2508980 | F53: =SUM(F49:F52) -> 2610088.8 | G53: =SUM(G49:G52) -> 2646470 | H53: =SUM(H49:H52) -> 2646470 | I53: =SUM(I49:I52) -> 2917549.3 | J53: =SUM(J49:J52) -> 3329863.3 | K53: =SUM(K49:K52) -> 3875584.7 | ... M53: =SUM(M49:M52) -> 4314835.5
C55: Total Liability & Equity | D55: =D53+D45 -> 2770454.2 | E55: =E53+E45 -> 2747917.5 | F55: =F53+F45 -> 3006276.2 | G55: =G53+G45 -> 3197595 | H55: =H53+H45 -> 3197595 | I55: =I53+I45 -> 3711924.3 | J55: =J53+J45 -> 4303247.1 | K55: =K53+K45 -> 4934328.5 | ... M55: =M53+M45 -> 5357538.6
D57: =D55-D41 -> 0 | E57: =E55-E41 -> 0 | F57: =F55-F41 -> 0 | G57: =G55-G41 -> 0 | H57: =H55-H41 -> 0 | I57: =I55-I41 -> 0 | J57: =J55-J41 -> 0 | K57: =K55-K41 -> 0 | ... M57: =M55-M41 -> 0
A58: Cash Flow Statement
C59: Itemes | D59: Q1-Y1 | E59: Q2-Y1 | F59: Q3-Y1 | G59: Q4-Y1 | H59: Y-1 | I59: Q1-Y2 | J59: Q2-Y2 | K59: Q3-Y2 | L59: Q4-Y2 | M59: Y-2
C60: Net Profit/(Loss) | D60: =SUMIF('FM-Monthly '!$E$5:$AB$5,'FM-QOQ'!D6,'FM-Monthly '!$E$308:$AB$308) -> -160170.83 | E60: =SUMIF('FM-Monthly '!$E$5:$AB$5,'FM-QOQ'!E6,'FM-Monthly '!$E$308:$AB$308) -> -155849.17 | F60: =SUMIF('FM-Monthly '!$E$5:$AB$5,'FM-QOQ'!F6,'FM-Monthly '!$E$308:$AB$308) -> 101108.75 | G60: =SUMIF('FM-Monthly '!$E$5:$AB$5,'FM-QOQ'!G6,'FM-Monthly '!$E$308:$AB$308) -> 36381.25 | H60: =SUM(D60:G60) -> -178530 | I60: =SUMIF('FM-Monthly '!$E$5:$AB$5,'FM-QOQ'!I6,'FM-Monthly '!$E$308:$AB$308) -> 271079.27 | J60: =SUMIF('FM-Monthly '!$E$5:$AB$5,'FM-QOQ'!J6,'FM-Monthly '!$E$308:$AB$308) -> 412314 | K60: =SUMIF('FM-Monthly '!$E$5:$AB$5,'FM-QOQ'!K6,'FM-Monthly '!$E$308:$AB$308) -> 545721.44 | L60: =SUMIF('FM-Monthly '!$E$5:$AB$5,'FM-QOQ'!L6,'FM-Monthly '!$E$308:$AB$308) -> 439250.75 | M60: =SUM(I60:L60) -> 1668365.5
C61: Add: D&A | D61: =SUMIF('FM-Monthly '!$E$5:$AB$5,'FM-QOQ'!D6,'FM-Monthly '!E309:AB309) -> 9183.3333 | E61: =SUMIF('FM-Monthly '!$E$5:$AB$5,'FM-QOQ'!E6,'FM-Monthly '!F308:AC308) -> -75552.083 | F61: =SUMIF('FM-Monthly '!$E$5:$AB$5,'FM-QOQ'!F6,'FM-Monthly '!G308:AD308) -> 90434.167 | G61: =SUMIF('FM-Monthly '!$E$5:$AB$5,'FM-QOQ'!G6,'FM-Monthly '!H308:AE308) -> 271079.27 | H61: =SUM(D61:G61) -> 295144.69 | I61: =SUMIF('FM-Monthly '!$E$5:$AB$5,'FM-QOQ'!I6,'FM-Monthly '!J308:AG308) -> 503252.29 | J61: =SUMIF('FM-Monthly '!$E$5:$AB$5,'FM-QOQ'!J6,'FM-Monthly '!K308:AH308) -> 439250.75 | K61: =SUMIF('FM-Monthly '!$E$5:$AB$5,'FM-QOQ'!K6,'FM-Monthly '!L308:AI308) -> 0 | L61: =SUMIF('FM-Monthly '!$E$5:$AB$5,'FM-QOQ'!L6,'FM-Monthly '!M308:AJ308) -> 0 | M61: =SUM(I61:L61) -> 942503.04
C62: Change in Prepayments | D62: =SUMIF('FM-Monthly '!$E$5:$AB$5,'FM-QOQ'!D6,'FM-Monthly '!$E$313:$AB$313) -> -10000 | E62: =SUMIF('FM-Monthly '!$E$5:$AB$5,'FM-QOQ'!E6,'FM-Monthly '!$E$313:$AB$313) -> 0 | F62: =SUMIF('FM-Monthly '!$E$5:$AB$5,'FM-QOQ'!F6,'FM-Monthly '!$E$313:$AB$313) -> 0 | G62: =SUMIF('FM-Monthly '!$E$5:$AB$5,'FM-QOQ'!G6,'FM-Monthly '!$E$313:$AB$313) -> 0 | H62: =SUM(D62:G62) -> -10000 | I62: =SUMIF('FM-Monthly '!$E$5:$AB$5,'FM-QOQ'!I6,'FM-Monthly '!$E$313:$AB$313) -> -5000 | J62: =SUMIF('FM-Monthly '!$E$5:$AB$5,'FM-QOQ'!J6,'FM-Monthly '!$E$313:$AB$313) -> 0 | K62: =SUMIF('FM-Monthly '!$E$5:$AB$5,'FM-QOQ'!K6,'FM-Monthly '!$E$313:$AB$313) -> 0 | L62: =SUMIF('FM-Monthly '!$E$5:$AB$5,'FM-QOQ'!L6,'FM-Monthly '!$E$313:$AB$313) -> 0 | M62: =SUM(I62:L62) -> -5000
C63: Change Unearned Revenue | D63: =SUMIF('FM-Monthly '!$E$5:$AB$5,'FM-QOQ'!D6,'FM-Monthly '!$E$314:$AB$314) -> 105625 | E63: =SUMIF('FM-Monthly '!$E$5:$AB$5,'FM-QOQ'!E6,'FM-Monthly '!$E$314:$AB$314) -> 133312.5 | F63: =SUMIF('FM-Monthly '!$E$5:$AB$5,'FM-QOQ'!F6,'FM-Monthly '!$E$314:$AB$314) -> 157250 | G63: =SUMIF('FM-Monthly '!$E$5:$AB$5,'FM-QOQ'!G6,'FM-Monthly '!$E$314:$AB$314) -> 154937.5 | H63: =SUM(D63:G63) -> 551125 | I63: =SUMIF('FM-Monthly '!$E$5:$AB$5,'FM-QOQ'!I6,'FM-Monthly '!$E$314:$AB$314) -> 243250 | J63: =SUMIF('FM-Monthly '!$E$5:$AB$5,'FM-QOQ'!J6,'FM-Monthly '!$E$314:$AB$314) -> 179008.85 | K63: =SUMIF('FM-Monthly '!$E$5:$AB$5,'FM-QOQ'!K6,'FM-Monthly '!$E$314:$AB$314) -> 85359.896 | L63: =SUMIF('FM-Monthly '!$E$5:$AB$5,'FM-QOQ'!L6,'FM-Monthly '!$E$314:$AB$314) -> -16040.625 | M63: =SUM(I63:L63) -> 491578.13
C64: Cash Flow From Operations | D64: =SUMIF('FM-Monthly '!$E$5:$AB$5,'FM-QOQ'!D6,'FM-Monthly '!$E$315:$AB$315) -> -55362.5 | E64: =SUMIF('FM-Monthly '!$E$5:$AB$5,'FM-QOQ'!E6,'FM-Monthly '!$E$315:$AB$315) -> -8132.5 | F64: =SUMIF('FM-Monthly '!$E$5:$AB$5,'FM-QOQ'!F6,'FM-Monthly '!$E$315:$AB$315) -> 277583.75 | G64: =SUMIF('FM-Monthly '!$E$5:$AB$5,'FM-QOQ'!G6,'FM-Monthly '!$E$315:$AB$315) -> 215431.25 | H64: =SUM(D64:G64) -> 429520 | I64: =SUMIF('FM-Monthly '!$E$5:$AB$5,'FM-QOQ'!I6,'FM-Monthly '!$E$315:$AB$315) -> 540620.94 | J64: =SUMIF('FM-Monthly '!$E$5:$AB$5,'FM-QOQ'!J6,'FM-Monthly '!$E$315:$AB$315) -> 628372.85 | K64: =SUMIF('FM-Monthly '!$E$5:$AB$5,'FM-QOQ'!K6,'FM-Monthly '!$E$315:$AB$315) -> 673956.33 | L64: =SUMIF('FM-Monthly '!$E$5:$AB$5,'FM-QOQ'!L6,'FM-Monthly '!$E$315:$AB$315) -> 471710.13 | M64: =SUM(I64:L64) -> 2314660.3
C66: Change in Fixed Assets | D66: =SUMIF('FM-Monthly '!$E$5:$AB$5,'FM-QOQ'!D6,'FM-Monthly '!$E$317:$AB$317) -> -114000 | E66: =SUMIF('FM-Monthly '!$E$5:$AB$5,'FM-QOQ'!E6,'FM-Monthly '!$E$317:$AB$317) -> -8000 | F66: =SUMIF('FM-Monthly '!$E$5:$AB$5,'FM-QOQ'!F6,'FM-Monthly '!$E$317:$AB$317) -> 0 | G66: =SUMIF('FM-Monthly '!$E$5:$AB$5,'FM-QOQ'!G6,'FM-Monthly '!$E$317:$AB$317) -> -4000 | H66: =SUM(D66:G66) -> -126000 | I66: =SUMIF('FM-Monthly '!$E$5:$AB$5,'FM-QOQ'!I6,'FM-Monthly '!$E$317:$AB$317) -> -40000 | J66: =SUMIF('FM-Monthly '!$E$5:$AB$5,'FM-QOQ'!J6,'FM-Monthly '!$E$317:$AB$317) -> 0 | K66: =SUMIF('FM-Monthly '!$E$5:$AB$5,'FM-QOQ'!K6,'FM-Monthly '!$E$317:$AB$317) -> -4000 | L66: =SUMIF('FM-Monthly '!$E$5:$AB$5,'FM-QOQ'!L6,'FM-Monthly '!$E$317:$AB$317) -> 0 | M66: =SUM(I66:L66) -> -44000
C67: Change in Intangible Assets | D67: =SUMIF('FM-Monthly '!$E$5:$AB$5,'FM-QOQ'!D6,'FM-Monthly '!$E$318:$AB$318) -> -75000 | E67: =SUMIF('FM-Monthly '!$E$5:$AB$5,'FM-QOQ'!E6,'FM-Monthly '!$E$318:$AB$318) -> -75000 | F67: =SUMIF('FM-Monthly '!$E$5:$AB$5,'FM-QOQ'!F6,'FM-Monthly '!$E$318:$AB$318) -> -75000 | G67: =SUMIF('FM-Monthly '!$E$5:$AB$5,'FM-QOQ'!G6,'FM-Monthly '!$E$318:$AB$318) -> -75000 | H67: =SUM(D67:G67) -> -300000 | I67: =SUMIF('FM-Monthly '!$E$5:$AB$5,'FM-QOQ'!I6,'FM-Monthly '!$E$318:$AB$318) -> -90000 | J67: =SUMIF('FM-Monthly '!$E$5:$AB$5,'FM-QOQ'!J6,'FM-Monthly '!$E$318:$AB$318) -> -90000 | K67: =SUMIF('FM-Monthly '!$E$5:$AB$5,'FM-QOQ'!K6,'FM-Monthly '!$E$318:$AB$318) -> -90000 | L67: =SUMIF('FM-Monthly '!$E$5:$AB$5,'FM-QOQ'!L6,'FM-Monthly '!$E$318:$AB$318) -> -90000 | M67: =SUM(I67:L67) -> -360000
C68: Cash Flow From Investing | D68: =SUMIF('FM-Monthly '!$E$5:$AB$5,'FM-QOQ'!D6,'FM-Monthly '!$E$319:$AB$319) -> -189000 | E68: =SUMIF('FM-Monthly '!$E$5:$AB$5,'FM-QOQ'!E6,'FM-Monthly '!$E$319:$AB$319) -> -83000 | F68: =SUMIF('FM-Monthly '!$E$5:$AB$5,'FM-QOQ'!F6,'FM-Monthly '!$E$319:$AB$319) -> -75000 | G68: =SUMIF('FM-Monthly '!$E$5:$AB$5,'FM-QOQ'!G6,'FM-Monthly '!$E$319:$AB$319) -> -79000 | H68: =SUM(D68:G68) -> -426000 | I68: =SUMIF('FM-Monthly '!$E$5:$AB$5,'FM-QOQ'!I6,'FM-Monthly '!$E$319:$AB$319) -> -130000 | J68: =SUMIF('FM-Monthly '!$E$5:$AB$5,'FM-QOQ'!J6,'FM-Monthly '!$E$319:$AB$319) -> -90000 | K68: =SUMIF('FM-Monthly '!$E$5:$AB$5,'FM-QOQ'!K6,'FM-Monthly '!$E$319:$AB$319) -> -94000 | L68: =SUMIF('FM-Monthly '!$E$5:$AB$5,'FM-QOQ'!L6,'FM-Monthly '!$E$319:$AB$319) -> -90000 | M68: =SUM(I68:L68) -> -404000
C70: Change in Share Capital | D70: =SUMIF('FM-Monthly '!$E$5:$AB$5,'FM-QOQ'!D6,'FM-Monthly '!$E$321:$AB$321) -> 2825000 | E70: =SUMIF('FM-Monthly '!$E$5:$AB$5,'FM-QOQ'!E6,'FM-Monthly '!$E$321:$AB$321) -> 0 | F70: =SUMIF('FM-Monthly '!$E$5:$AB$5,'FM-QOQ'!F6,'FM-Monthly '!$E$321:$AB$321) -> 0 | G70: =SUMIF('FM-Monthly '!$E$5:$AB$5,'FM-QOQ'!G6,'FM-Monthly '!$E$321:$AB$321) -> 0 | H70: =SUM(D70:G70) -> 2825000 | I70: =SUMIF('FM-Monthly '!$E$5:$AB$5,'FM-QOQ'!I6,'FM-Monthly '!$E$321:$AB$321) -> 0 | J70: =SUMIF('FM-Monthly '!$E$5:$AB$5,'FM-QOQ'!J6,'FM-Monthly '!$E$321:$AB$321) -> 0 | K70: =SUMIF('FM-Monthly '!$E$5:$AB$5,'FM-QOQ'!K6,'FM-Monthly '!$E$321:$AB$321) -> 0 | L70: =SUMIF('FM-Monthly '!$E$5:$AB$5,'FM-QOQ'!L6,'FM-Monthly '!$E$321:$AB$321) -> 0 | M70: =SUM(I70:L70) -> 0
C72: Cash Flow From Financing | D72: =SUM(D70:D71) -> 2825000 | E72: =SUM(E70:E71) -> 0 | F72: =SUM(F70:F71) -> 0 | G72: =SUM(G70:G71) -> 0 | H72: =SUM(H70:H71) -> 2825000 | I72: =SUM(I70:I71) -> 0 | J72: =SUM(J70:J71) -> 0 | K72: =SUM(K70:K71) -> 0 | ... M72: =SUM(M70:M71) -> 0
C74: Beginning Balance | D74: 0 | E74: =D76 -> 2580637.5 | F74: =E76 -> 2489505 | G74: =F76 -> 2692088.8 | H74: =G74 -> 2692088.8 | I74: =H76 -> 2828520 | J74: =I76 -> 3239140.9 | K74: =J76 -> 3777513.8 | L74: =K76 -> 4357470.1 | M74: =L74 -> 4357470.1
C75: Change in Cash | D75: =D72+D68+D64 -> 2580637.5 | E75: =E72+E68+E64 -> -91132.5 | F75: =F72+F68+F64 -> 202583.75 | G75: =G72+G68+G64 -> 136431.25 | H75: =G75 -> 136431.25 | I75: =I72+I68+I64 -> 410620.94 | J75: =J72+J68+J64 -> 538372.85 | K75: =K72+K68+K64 -> 579956.33 | L75: =L72+L68+L64 -> 381710.13 | M75: =L75 -> 381710.13
C76: Ending Balance | D76: =SUM(D74:D75) -> 2580637.5 | E76: =SUM(E74:E75) -> 2489505 | F76: =SUM(F74:F75) -> 2692088.8 | G76: =SUM(G74:G75) -> 2828520 | H76: =SUM(H74:H75) -> 2828520 | I76: =SUM(I74:I75) -> 3239140.9 | J76: =SUM(J74:J75) -> 3777513.8 | K76: =SUM(K74:K75) -> 4357470.1 | ... M76: =SUM(M74:M75) -> 4739180.3
D78: =D76-D37 -> 0 | E78: =E76-E37 -> 0 | F78: =F76-F37 -> 0 | G78: =G76-G37 -> 0 | H78: =H76-H37 -> 0 | I78: =I76-I37 -> 0 | J78: =J76-J37 -> 0 | K78: =K76-K37 -> 0 | ... M78: =M76-M37 -> 0

Sheet Revenue Bundles 
B3: Developer
B5: Bundles
C6: # Of units | D6: Annual -SAR | E6: Maximum Unit | F6: Revenue / Unit
C7: 0-25 | D7: 2500 | E7: 25 | F7: =D7/E7 -> 100
C8: 26-50 | D8: 3000 | E8: 50 | F8: =D8/E8 -> 60
C9: 51-75 | D9: 3500 | E9: 75 | F9: =D9/E9 -> 46.666667
C10: 76-100 | D10: 4000 | E10: 100 | F10: =D10/E10 -> 40
D11: =AVERAGE(D7:D10) -> 3250 | E11: =AVERAGE(E7:E10) -> 62.5 | F11: =AVERAGE(F7:F10) -> 61.666667
B15: Tenants
B17: Bundles
C18: # Of units | D18: Annual -SAR | E18: Maximum Unit | F18: Revenue / Unit
C19: 0-25 | D19: 1500 | E19: 25 | F19: =D19/E19 -> 60
C20: 26-50 | D20: 2000 | E20: 50 | F20: =D20/E20 -> 40
C21: 51-75 | D21: 3000 | E21: 75 | F21: =D21/E21 -> 40
C22: 76-100 | D22: 3500 | E22: 100 | F22: =D22/E22 -> 35
D23: =AVERAGE(D19:D22) -> 2500 | E23: =AVERAGE(E19:E22) -> 62.5 | F23: =AVERAGE(F19:F22) -> 43.75
B26: Commercial
B28: Bundles
C29: # Of units | D29: Annual -SAR | E29: Maximum Unit | F29: Revenue / Unit
C30: 0-50 | D30: 5000 | E30: 50 | F30: =D30/E30 -> 100
C31: 51-100 | D31: 5500 | E31: 75 | F31: =D31/E31 -> 73.333333
C32: 101-200 | D32: 6000 | E32: 100 | F32: =D32/E32 -> 60
D33: =AVERAGE(D30:D32) -> 5500 | E33: =AVERAGE(E30:E32) -> 75
B36: Marketing
B38: Bundles
B39: Total Unites | C39: AV Users / Unit | D39: # of User | E39: AV Ads | F39: Sar/Ads | G39: Total Revenue
B40: =E23+E33+E11 -> 200 | C40: =D40/B40 -> 5 | D40: 1000 | E40: 50 | F40: 750 | G40: =F40*E40 -> 37500
B41: =D41/C41 -> 300 | C41: 5 | D41: 1500 | E41: =(D41/D40)*E40 -> 75 | F41: 1000 | G41: =F41*E41 -> 75000
B42: =D42/C42 -> 400 | C42: 5 | D42: 2000 | E42: =(D42/D41)*E41 -> 100 | F42: 1250 | G42: =F42*E42 -> 125000
B43: =D43/C43 -> 500 | C43: 5 | D43: 2500 | E43: =(D43/D42)*E42 -> 125 | F43: 1500 | G43: =F43*E43 -> 187500
